Calgary Flames vs Boston Bruins
Created - Saturday, March 30, 2024 at 07:20
Goals
|
| Calgary Flames |
2 |
1 |
0 |
3 |
| Boston Bruins |
1 |
0 |
0 |
1 |
|
Shots
|
| Calgary Flames |
11 |
14 |
7 |
32 |
| Boston Bruins |
11 |
5 |
12 |
28 |
|
1st period
1. Boston Bruins , Pavel Zacha 14 (Samuel Girard 11, Pyotr Kochetkov) at 6:49
2. Calgary Flames , Oliver Bjorkstrand 6 (Ryan McDonagh 9) at 14:43
3. Calgary Flames , Matthew Tkachuk 22 (Joel Eriksson Ek 20, J.T. Miller 32) at 19:08
Penalties :
Drew Doughty (CGY) for High sticking (Minor) at 0:28, Nic Dowd (CGY) for Roughing (Minor) at 19:31
2nd period
4. Calgary Flames , Mathieu Joseph 13 (Oliver Bjorkstrand 16, Nic Dowd 9) at 5:47
Penalties :
Michael Anderson (CGY) for Tripping (Minor) at 6:10, Ryan Donato (BOS) for Interference (Minor) at 12:34
3rd period
No Goal
Penalties :
Luke Kunin (BOS) for Holding (Minor) at 12:49
Goalie Stats
Samuel Montembeault (CGY), 27 saves from 28 shots - (0.964), W, 7-2-2, 60:00 minutes
Pyotr Kochetkov (BOS), 29 saves from 32 shots - (0.906), L, 5-13-3, 60:00 minutes
Players Stats for Calgary Flames
Player Name G A P +/- PIM S H SB GA TA FO MP PP MP PK MP
------------------------------------------------------------------------------------
Cole Sillinger 0 0 0 0 0 0 0 1 0 0 1/1 8:31 0:00 0:00
Drew Doughty 0 0 0 1 2 2 0 2 0 1 0/0 22:21 2:09 1:46
J.T. Miller 0 1 1 1 0 1 3 1 0 0 7/18 19:01 1:58 3:09
Jeff Petry 0 0 0 1 0 0 1 3 0 1 0/0 23:13 1:49 3:54
Joel Eriksson Ek 0 1 1 1 0 2 3 1 0 1 3/6 18:55 1:58 2:41
Kris Letang 0 0 0 0 0 1 2 1 0 0 0/0 18:58 2:09 0:15
Mathieu Joseph 1 0 1 1 0 5 0 1 3 0 0/0 16:45 0:00 3:08
Matthew Tkachuk 1 0 1 1 0 6 0 0 0 0 1/1 16:42 1:58 0:55
Michael Anderson 0 0 0 1 2 1 2 2 0 1 0/0 17:44 0:00 1:58
Nic Dowd 0 1 1 1 2 1 0 1 0 0 6/14 15:39 0:00 1:54
Oliver Bjorkstrand 1 1 2 1 0 4 1 0 1 0 0/1 13:06 0:00 0:00
Rafael Harvey-Pinard 0 0 0 0 0 2 3 0 0 0 0/0 8:31 0:00 0:00
Rasmus Andersson 0 0 0 1 0 0 0 0 0 1 0/0 17:47 1:49 0:27
Ryan McDonagh 0 1 1 0 0 0 0 1 0 0 0/0 20:00 0:00 3:34
Sebastian Aho 0 0 0 0 0 4 2 1 2 1 7/9 16:10 2:00 0:07
Timo Meier 0 0 0 0 0 1 1 0 1 0 1/2 16:03 2:00 0:00
Yakov Trenin 0 0 0 0 0 1 1 1 1 0 0/0 8:31 0:00 0:00
Zach Hyman 0 0 0 0 0 1 0 1 0 0 0/0 16:03 2:00 0:00
Players Stats for Boston Bruins
Player Name G A P +/- PIM S H SB GA TA FO MP PP MP PK MP
------------------------------------------------------------------------------------
Anthony Beauvillier 0 0 0 -1 0 2 0 0 0 0 2/2 17:47 2:54 1:59
Brandon Hagel 0 0 0 1 0 4 3 1 2 0 0/0 22:31 2:54 1:48
Cam York 0 0 0 0 0 1 0 1 0 2 0/0 21:58 3:02 2:00
Charlie McAvoy 0 0 0 -2 0 2 4 2 0 0 0/0 23:31 2:55 1:58
Curtis Hall 0 0 0 -2 0 0 0 0 0 0 0/0 2:49 0:06 0:00
David Krejci 0 0 0 -1 0 5 4 0 1 0 5/14 18:28 3:03 1:59
Joe Veleno 0 0 0 0 0 1 2 0 0 0 1/2 17:21 0:00 0:29
Joel Farabee 0 0 0 -1 0 2 1 0 1 0 1/1 16:49 3:03 0:00
John-Jason Peterka 0 0 0 -1 0 2 1 0 0 0 1/1 16:40 2:57 0:00
Luke Kunin 0 0 0 0 2 0 1 1 0 1 0/1 6:40 0:00 0:00
Matt Grzelcyk 0 0 0 0 0 1 0 1 0 0 0/0 14:31 0:00 0:00
Morgan Geekie 0 0 0 0 0 1 0 2 1 0 0/0 15:46 0:00 0:00
Otto Koivula 0 0 0 0 0 0 1 0 0 0 0/0 6:41 0:00 0:00
Pavel Zacha 1 0 1 -1 0 3 0 0 1 0 11/22 17:37 2:54 1:41
Ryan Donato 0 0 0 0 2 1 1 1 0 1 5/9 16:51 0:00 0:00
Samuel Bolduc 0 0 0 0 0 0 0 2 0 2 0/0 14:31 0:00 0:00
Samuel Girard 0 1 1 0 0 2 2 1 0 0 0/0 21:58 3:02 2:00
Tyson Barrie 0 0 0 -2 0 1 1 1 0 2 0/0 23:31 2:55 1:58
3 Stars
1 - Oliver Bjorkstrand (CGY)
2 - Samuel Montembeault (CGY)
3 - Mathieu Joseph (CGY)
Power Play
Calgary Flames - 0 on 2 Attempt(s) - 0.00%
Boston Bruins - 0 on 3 Attempt(s) - 0.00%
Penalty Kill
Calgary Flames - 3 on 3 Attempt(s) - 100.00%
- Score 0 goal in Penalty Kill
Boston Bruins - 2 on 2 Attempt(s) - 100.00%
- Score 0 goal in Penalty Kill
Team Stat
Calgary Flames - Hits : 19 - Faceoff Wins : 26 - Blocked Shots : 17 - Penalty Minutes : 6
Boston Bruins - Hits : 21 - Faceoff Wins : 26 - Blocked Shots : 13 - Penalty Minutes : 4
Official
Referees : Graham Skiliter and Wes McCauley
Linesman : Bryan Pancich and Andy McElman
Game Notes
No Game Note
Finance
Level 1 -- Attendance: 4504 (75.07%) -- Ticket Income $450,400
Level 2 -- Attendance: 3963 (79.26%) -- Ticket Income $237,780
Level 3 -- Attendance: 2160 (72.00%) -- Ticket Income $75,600
Level 4 -- Attendance: 3429 (68.58%) -- Ticket Income $85,725
Luxury Box -- Attendance: 794 (79.40%) -- Ticket Income $158,800
Game was played at the TD Garden.
Total Attendance: 14850 (74.25%)
Total Ticket Income: $1,008,305
Other Income: $352,907
Total Income: $1,361,212
Calgary Flames
5 vs 5 Forward
Center Left Wing Right Wing Time % Phy DF OF
1 J.T. Miller Matthew Tkachuk Joel Eriksson Ek 31 0 2 3
2 Sebastian Aho Zach Hyman Timo Meier 30 0 2 3
3 Nic Dowd Mathieu Joseph Oliver Bjorkstrand 29 0 2 3
4 Cole Sillinger Rafael Harvey-Pinard Yakov Trenin 10 1 3 1
5 vs 5 Defense
Defense Defense Time % Phy DF OF
1 Drew Doughty Jeff Petry 35 1 3 1
2 Ryan McDonagh Kris Letang 35 1 3 1
3 Michael Anderson Rasmus Andersson 30 1 3 1
4 Kris Letang Jeff Petry 0 1 3 1
PowerPlay Forward
Center Left Wing Right Wing Time % Phy DF OF
1 J.T. Miller Matthew Tkachuk Joel Eriksson Ek 50 0 0 5
2 Sebastian Aho Zach Hyman Timo Meier 50 0 0 5
PowerPlay Defense
Defense Defense Time % Phy DF OF
1 Kris Letang Drew Doughty 50 0 0 5
2 Rasmus Andersson Jeff Petry 50 0 0 5
Penalty Kill 4 Players Forward
Center Wing Time % Phy DF OF
1 Joel Eriksson Ek Mathieu Joseph 50 0 5 0
2 J.T. Miller Nic Dowd 50 0 5 0
Penalty Kill 4 Players Defense
Defense Defense Time % Phy DF OF
1 Jeff Petry Ryan McDonagh 50 0 5 0
2 Michael Anderson Drew Doughty 50 0 5 0
Penalty Kill - 3 Players Forward
Forward Time % Phy DF OF
1 J.T. Miller 50 0 5 0
2 Sebastian Aho 50 0 5 0
Penalty Kill - 3 Players Defense
Defense Defense Time % Phy DF OF
1 Kris Letang Jeff Petry 50 0 5 0
2 Michael Anderson Drew Doughty 50 0 5 0
4 vs 4 Forward
Center Wing Time % Phy DF OF
1 J.T. Miller Timo Meier 50 1 2 2
2 Sebastian Aho Zach Hyman 50 1 2 2
4 vs 4 Defense
Defense Defense Time % Phy DF OF
1 Kris Letang Jeff Petry 50 1 2 2
2 Drew Doughty Michael Anderson 50 1 2 2
Last Minutes Offensive
Center Left Wing Right Wing Defense Defense
J.T. Miller Matthew Tkachuk Sebastian Aho Kris Letang Drew Doughty
Last Minutes Defensive
Center Left Wing Right Wing Defense Defense
J.T. Miller Sebastian Aho Joel Eriksson Ek Ryan McDonagh Drew Doughty
Goaltenders
Starting : Samuel Montembeault
Backup : Ilya Sorokin
Extra Forwards
Normal : Nic Dowd, Joel Eriksson Ek, Mathieu Joseph - PP : Nic Dowd, Joel Eriksson Ek - PK : Mathieu Joseph
Extra Defensemen
Normal : Rasmus Andersson, Michael Anderson, Jeff Petry - PP : Rasmus Andersson - PK : Michael Anderson, Jeff Petry
Penalty Shots
J.T. Miller, Matthew Tkachuk, Sebastian Aho, Joel Eriksson Ek, Timo Meier
Boston Bruins
5 vs 5 Forward
Center Left Wing Right Wing Time % Phy DF OF
1 Pavel Zacha Brandon Hagel Anthony Beauvillier 30 1 2 2
2 David Krejci Joel Farabee John-Jason Peterka 30 1 2 2
3 Ryan Donato Joe Veleno Morgan Geekie 25 1 2 2
4 Luke Kunin Otto Koivula Brandon Hagel 15 1 2 2
5 vs 5 Defense
Defense Defense Time % Phy DF OF
1 Charlie McAvoy Tyson Barrie 30 1 2 2
2 Samuel Girard Cam York 30 1 2 2
3 Matt Grzelcyk Samuel Bolduc 25 1 2 2
4 Charlie McAvoy Tyson Barrie 15 1 2 2
PowerPlay Forward
Center Left Wing Right Wing Time % Phy DF OF
1 Pavel Zacha Brandon Hagel Anthony Beauvillier 50 1 2 2
2 David Krejci Joel Farabee John-Jason Peterka 50 1 2 2
PowerPlay Defense
Defense Defense Time % Phy DF OF
1 Charlie McAvoy Tyson Barrie 50 1 2 2
2 Samuel Girard Cam York 50 1 2 2
Penalty Kill 4 Players Forward
Center Wing Time % Phy DF OF
1 Brandon Hagel Pavel Zacha 50 1 2 2
2 David Krejci Anthony Beauvillier 50 1 2 2
Penalty Kill 4 Players Defense
Defense Defense Time % Phy DF OF
1 Charlie McAvoy Tyson Barrie 50 1 2 2
2 Samuel Girard Cam York 50 1 2 2
Penalty Kill - 3 Players Forward
Forward Time % Phy DF OF
1 Brandon Hagel 50 1 2 2
2 Pavel Zacha 50 1 2 2
Penalty Kill - 3 Players Defense
Defense Defense Time % Phy DF OF
1 Charlie McAvoy Tyson Barrie 50 1 2 2
2 Samuel Girard Cam York 50 1 2 2
4 vs 4 Forward
Center Wing Time % Phy DF OF
1 Brandon Hagel Pavel Zacha 50 1 2 2
2 David Krejci Anthony Beauvillier 50 1 2 2
4 vs 4 Defense
Defense Defense Time % Phy DF OF
1 Charlie McAvoy Tyson Barrie 50 1 2 2
2 Samuel Girard Cam York 50 1 2 2
Last Minutes Offensive
Center Left Wing Right Wing Defense Defense
Pavel Zacha Brandon Hagel Anthony Beauvillier Charlie McAvoy Tyson Barrie
Last Minutes Defensive
Center Left Wing Right Wing Defense Defense
Pavel Zacha Brandon Hagel Anthony Beauvillier Charlie McAvoy Tyson Barrie
Goaltenders
Starting : Pyotr Kochetkov
Backup : Leevi Merilainen
Extra Forwards
Normal : Curtis Hall, Ryan Donato, Joe Veleno - PP : Curtis Hall, Ryan Donato - PK : Joe Veleno
Extra Defensemen
Normal : Matt Grzelcyk, Samuel Bolduc, Samuel Girard - PP : Matt Grzelcyk - PK : Samuel Bolduc, Samuel Girard
Penalty Shots
Brandon Hagel, Pavel Zacha, David Krejci, Anthony Beauvillier, Joel Farabee
% Time on Ice - Calgary Flames
Lines # - Real PCT - Wanted PCT - Time Play
Normal Forward
1 - 29% - 31% - 14:20
2 - 28% - 30% - 14:08
3 - 26% - 29% - 13:06
4 - 17% - 10% - 8:31
Normal Defense
1 - 35% - 35% - 17:38
2 - 34% - 35% - 17:15
3 - 30% - 30% - 15:12
4 - 0% - 0% - 0:00
PP Forward
1 - 50% - 50% - 1:58
2 - 50% - 50% - 2:00
PP Defense
1 - 54% - 50% - 2:09
2 - 46% - 50% - 1:49
PK Forward
1 - 47% - 50% - 2:48
2 - 53% - 50% - 3:09
PK Defense
1 - 49% - 50% - 2:54
2 - 51% - 50% - 3:03
PK3 Forward
1 - 0% - 50%
2 - 0% - 50%
PK3 Defense
1 - 0% - 50%
2 - 0% - 50%
44 Forward
1 - 0% - 50%
2 - 0% - 50%
44 Defense
1 - 0% - 50%
2 - 0% - 50%
Last Minute Offensive - 0:00
Last Minute Defensive - 0:00
Total
Forward - 60:00
Defense - 60:00
|
% Time on Ice - Boston Bruins
Lines # - Real PCT - Wanted PCT - Time Play
Normal Forward
1 - 26% - 30% - 13:13
2 - 29% - 30% - 14:25
3 - 31% - 25% - 15:46
4 - 13% - 15% - 6:41
Normal Defense
1 - 27% - 30% - 13:17
2 - 34% - 30% - 16:56
3 - 29% - 25% - 14:31
4 - 11% - 15% - 5:21
PP Forward
1 - 49% - 50% - 2:54
2 - 51% - 50% - 3:03
PP Defense
1 - 49% - 50% - 2:55
2 - 51% - 50% - 3:02
PK Forward
1 - 50% - 50% - 1:59
2 - 50% - 50% - 1:59
PK Defense
1 - 50% - 50% - 1:58
2 - 50% - 50% - 2:00
PK3 Forward
1 - 0% - 50%
2 - 0% - 50%
PK3 Defense
1 - 0% - 50%
2 - 0% - 50%
44 Forward
1 - 0% - 50%
2 - 0% - 50%
44 Defense
1 - 0% - 50%
2 - 0% - 50%
Last Minute Offensive - 0:00
Last Minute Defensive - 0:00
Total
Forward - 60:00
Defense - 60:00
|
Play-by-Play
1st period
0:01 of 1st period - Pavel Zacha wins face-off versus J.T. Miller in neutral zone.
0:05 of 1st period - Off-side.
0:06 of 1st period - Pavel Zacha wins face-off versus J.T. Miller in neutral zone.
0:28 of 1st period - Minor Penalty to Drew Doughty for High sticking.
0:29 of 1st period - Joel Eriksson Ek wins face-off versus Pavel Zacha in Calgary Flames zone.
0:54 of 1st period - Charlie McAvoy is hit by Joel Eriksson Ek and loses puck.
1:05 of 1st period - Michael Anderson is hit by Charlie McAvoy and loses puck.
1:33 of 1st period - Slapshot by David Krejci.
1:33 of 1st period - Stopped by Samuel Montembeault without a rebound.
1:34 of 1st period - Pavel Zacha wins face-off versus J.T. Miller in Calgary Flames zone.
1:47 of 1st period - Wrist shot by Pavel Zacha.
1:47 of 1st period - Shot Blocked by Michael Anderson.
1:49 of 1st period - Wrist shot by Brandon Hagel.
1:49 of 1st period - Shot Misses the Net.
2:28 of 1st period - Penalty to Drew Doughty is over, Drew Doughty is back on ice.
2:46 of 1st period - Wrist shot by Morgan Geekie.
2:46 of 1st period - Shot Misses the Net.
3:05 of 1st period - Snap shot by Yakov Trenin.
3:05 of 1st period - Stopped by Pyotr Kochetkov without a rebound.
3:06 of 1st period - Ryan Donato wins face-off versus Oliver Bjorkstrand in Boston Bruins zone.
3:35 of 1st period - Sebastian Aho is hit by David Krejci and loses puck.
4:00 of 1st period - Slapshot by Brandon Hagel.
4:00 of 1st period - Deflect By J.T. Miller.
4:00 of 1st period - Shot Misses the Net.
4:00 of 1st period - Puck is out of play.
4:01 of 1st period - Ryan Donato wins face-off versus Nic Dowd in Calgary Flames zone.
5:19 of 1st period - Slapshot by Rasmus Andersson.
5:19 of 1st period - Shot Blocked by Morgan Geekie.
5:21 of 1st period - Slapshot by Michael Anderson.
5:21 of 1st period - Deflect By Rafael Harvey-Pinard.
5:21 of 1st period - Shot Blocked by Ryan Donato.
5:21 of 1st period - Puck is out of play.
5:22 of 1st period - Nic Dowd wins face-off versus Ryan Donato in Boston Bruins zone.
6:15 of 1st period - Jeff Petry is hit by Samuel Girard.
6:35 of 1st period - Snap shot by Rafael Harvey-Pinard.
6:35 of 1st period - Stopped by Pyotr Kochetkov with a rebound.
6:49 of 1st period - Wrist shot by Pavel Zacha.
6:49 of 1st period - Goal by Pavel Zacha - Calgary Flames : 0 - Boston Bruins : 1.
6:50 of 1st period - Nic Dowd wins face-off versus David Krejci in neutral zone.
7:15 of 1st period - J.T. Miller is hit by Charlie McAvoy and loses puck.
7:39 of 1st period - Snap shot by Zach Hyman.
7:39 of 1st period - Shot Blocked by Morgan Geekie.
7:44 of 1st period - Snap shot by Timo Meier.
7:44 of 1st period - Stopped by Pyotr Kochetkov with a rebound.
8:00 of 1st period - Snap shot by David Krejci.
8:00 of 1st period - Shot Blocked by Jeff Petry.
8:02 of 1st period - Wrist shot by John-Jason Peterka.
8:02 of 1st period - Stopped by Samuel Montembeault without a rebound.
8:03 of 1st period - Joel Farabee wins face-off versus Nic Dowd in Calgary Flames zone.
8:04 of 1st period - Snap shot by David Krejci.
8:04 of 1st period - Shot Misses the Net.
8:34 of 1st period - Slapshot by Nic Dowd.
8:34 of 1st period - Stopped by Pyotr Kochetkov with a rebound.
8:36 of 1st period - Snap shot by Jeff Petry.
8:36 of 1st period - Deflect By Oliver Bjorkstrand.
8:36 of 1st period - Stopped by Pyotr Kochetkov with a rebound.
8:38 of 1st period - Wrist shot by Mathieu Joseph.
8:38 of 1st period - Shot Misses the Net.
8:40 of 1st period - Wrist shot by Oliver Bjorkstrand.
8:40 of 1st period - Stopped by Pyotr Kochetkov without a rebound.
8:41 of 1st period - Sebastian Aho wins face-off versus Pavel Zacha in Boston Bruins zone.
8:54 of 1st period - Wrist shot by Sebastian Aho.
8:54 of 1st period - Shot Misses the Net.
9:05 of 1st period - Icing by Rasmus Andersson.
9:06 of 1st period - Sebastian Aho wins face-off versus Ryan Donato in Calgary Flames zone.
9:33 of 1st period - Snap shot by Oliver Bjorkstrand.
9:33 of 1st period - Shot Blocked by Brandon Hagel.
9:35 of 1st period - Snap shot by Mathieu Joseph.
9:35 of 1st period - Shot Blocked by Tyson Barrie.
9:58 of 1st period - Off-side.
9:59 of 1st period - J.T. Miller wins face-off versus David Krejci in neutral zone.
10:12 of 1st period - Snap shot by David Krejci.
10:12 of 1st period - Stopped by Samuel Montembeault without a rebound.
10:13 of 1st period - Sebastian Aho wins face-off versus Pavel Zacha in Calgary Flames zone.
10:55 of 1st period - Snap shot by Anthony Beauvillier.
10:55 of 1st period - Shot Misses the Net.
10:57 of 1st period - Wrist shot by Anthony Beauvillier.
10:57 of 1st period - Stopped by Samuel Montembeault with a rebound.
11:03 of 1st period - Wrist shot by Anthony Beauvillier.
11:03 of 1st period - Shot Misses the Net.
11:05 of 1st period - Snap shot by Anthony Beauvillier.
11:05 of 1st period - Shot Blocked by Michael Anderson.
11:07 of 1st period - Backhand shot by Samuel Girard.
11:07 of 1st period - Shot Misses the Net.
11:27 of 1st period - Slapshot by Anthony Beauvillier.
11:27 of 1st period - Shot Blocked by Mathieu Joseph.
11:29 of 1st period - Slapshot by Matt Grzelcyk.
11:29 of 1st period - Stopped by Samuel Montembeault without a rebound.
11:30 of 1st period - John-Jason Peterka wins face-off versus J.T. Miller in Calgary Flames zone.
11:31 of 1st period - Snap shot by David Krejci.
11:31 of 1st period - Deflect By Joel Farabee.
11:31 of 1st period - Stopped by Samuel Montembeault with a rebound.
12:06 of 1st period - Wrist shot by Joel Farabee.
12:06 of 1st period - Shot Misses the Net.
12:41 of 1st period - Samuel Girard is hit by J.T. Miller and loses puck.
13:12 of 1st period - Ryan Donato is hit by Oliver Bjorkstrand and loses puck.
13:53 of 1st period - John-Jason Peterka is hit by Rafael Harvey-Pinard and loses puck.
14:18 of 1st period - Wrist shot by Matthew Tkachuk.
14:18 of 1st period - Shot Blocked by Luke Kunin.
14:43 of 1st period - Slapshot by Oliver Bjorkstrand.
14:43 of 1st period - Goal by Oliver Bjorkstrand - Calgary Flames : 1 - Boston Bruins : 1.
14:44 of 1st period - Anthony Beauvillier wins face-off versus Sebastian Aho in neutral zone.
15:35 of 1st period - Slapshot by Ryan Donato.
15:35 of 1st period - Stopped by Samuel Montembeault without a rebound.
15:36 of 1st period - Timo Meier wins face-off versus Joe Veleno in Calgary Flames zone.
15:45 of 1st period - Wrist shot by Timo Meier.
15:45 of 1st period - Shot Misses the Net.
16:07 of 1st period - Slapshot by Joe Veleno.
16:07 of 1st period - Shot Misses the Net.
16:19 of 1st period - Snap shot by Timo Meier.
16:19 of 1st period - Deflect By Sebastian Aho.
16:19 of 1st period - Stopped by Pyotr Kochetkov with a rebound.
17:06 of 1st period - Wrist shot by Sebastian Aho.
17:06 of 1st period - Shot Misses the Net.
17:08 of 1st period - Slapshot by Drew Doughty.
17:08 of 1st period - Shot Blocked by Cam York.
17:10 of 1st period - Snap shot by Timo Meier.
17:10 of 1st period - Shot Misses the Net.
17:42 of 1st period - Slapshot by Zach Hyman.
17:42 of 1st period - Shot Blocked by Samuel Girard.
17:48 of 1st period - Wrist shot by Zach Hyman.
17:48 of 1st period - Stopped by Pyotr Kochetkov without a rebound.
17:49 of 1st period - Pavel Zacha wins face-off versus J.T. Miller in Boston Bruins zone.
17:49 of 1st period - Pavel Zacha is hit by Joel Eriksson Ek.
17:55 of 1st period - Slapshot by Anthony Beauvillier.
17:55 of 1st period - Stopped by Samuel Montembeault with a rebound.
17:57 of 1st period - Snap shot by Brandon Hagel.
17:57 of 1st period - Shot Misses the Net.
18:05 of 1st period - Wrist shot by Anthony Beauvillier.
18:05 of 1st period - Shot Blocked by Joel Eriksson Ek.
18:35 of 1st period - Snap shot by John-Jason Peterka.
18:35 of 1st period - Stopped by Samuel Montembeault with a rebound.
18:53 of 1st period - Cole Sillinger is hit by Otto Koivula and loses puck.
19:04 of 1st period - Slapshot by Matthew Tkachuk.
19:04 of 1st period - Shot Blocked by Charlie McAvoy.
19:06 of 1st period - Wrist shot by Joel Eriksson Ek.
19:06 of 1st period - Stopped by Pyotr Kochetkov with a rebound.
19:08 of 1st period - Wrist shot by Matthew Tkachuk.
19:08 of 1st period - Goal by Matthew Tkachuk - Calgary Flames : 2 - Boston Bruins : 1.
19:09 of 1st period - J.T. Miller wins face-off versus David Krejci in neutral zone.
19:22 of 1st period - Wrist shot by David Krejci.
19:22 of 1st period - Shot Misses the Net.
19:24 of 1st period - Snap shot by David Krejci.
19:24 of 1st period - Stopped by Samuel Montembeault without a rebound.
19:25 of 1st period - Pavel Zacha wins face-off versus Nic Dowd in Calgary Flames zone.
19:31 of 1st period - Minor Penalty to Nic Dowd for Roughing.
19:32 of 1st period - Joel Eriksson Ek wins face-off versus Pavel Zacha in Calgary Flames zone.
Goals for this period are 2 for Calgary Flames vs 1 for Boston Bruins.
Shots for this period are 11 for Calgary Flames vs 11 for Boston Bruins.
2nd period
0:01 of 2nd period - David Krejci wins face-off versus Joel Eriksson Ek in neutral zone.
0:03 of 2nd period - Off-side.
0:04 of 2nd period - David Krejci wins face-off versus Joel Eriksson Ek in neutral zone.
1:31 of 2nd period - Penalty to Nic Dowd is over, Nic Dowd is back on ice.
1:47 of 2nd period - Drew Doughty is hit by Ryan Donato and loses puck.
2:00 of 2nd period - Snap shot by Sebastian Aho.
2:00 of 2nd period - Stopped by Pyotr Kochetkov without a rebound.
2:01 of 2nd period - Sebastian Aho wins face-off versus Luke Kunin in Boston Bruins zone.
2:04 of 2nd period - Wrist shot by Zach Hyman.
2:04 of 2nd period - Shot Misses the Net.
2:10 of 2nd period - Wrist shot by Brandon Hagel.
2:10 of 2nd period - Shot Blocked by Sebastian Aho.
2:40 of 2nd period - Samuel Girard is hit by J.T. Miller and loses puck.
3:54 of 2nd period - Slapshot by Matthew Tkachuk.
3:54 of 2nd period - Stopped by Pyotr Kochetkov with a rebound.
3:56 of 2nd period - Wrist shot by Jeff Petry.
3:56 of 2nd period - Deflect By Joel Eriksson Ek.
3:56 of 2nd period - Shot Misses the Net.
3:56 of 2nd period - Puck is out of play.
3:57 of 2nd period - Ryan Donato wins face-off versus J.T. Miller in Boston Bruins zone.
4:24 of 2nd period - Oliver Bjorkstrand is hit by David Krejci and loses puck.
4:51 of 2nd period - Pavel Zacha is hit by Sebastian Aho and loses puck.
5:26 of 2nd period - Morgan Geekie is hit by Yakov Trenin and loses puck.
5:35 of 2nd period - Slapshot by Kris Letang.
5:35 of 2nd period - Stopped by Pyotr Kochetkov without a rebound.
5:36 of 2nd period - Nic Dowd wins face-off versus David Krejci in Boston Bruins zone.
5:47 of 2nd period - Snap shot by Mathieu Joseph.
5:47 of 2nd period - Goal by Mathieu Joseph - Calgary Flames : 3 - Boston Bruins : 1.
5:48 of 2nd period - Anthony Beauvillier wins face-off versus Nic Dowd in neutral zone.
5:51 of 2nd period - Nic Dowd is hit by Charlie McAvoy and loses puck.
6:10 of 2nd period - Minor Penalty to Michael Anderson for Tripping.
6:11 of 2nd period - Joel Eriksson Ek wins face-off versus Pavel Zacha in Calgary Flames zone.
8:10 of 2nd period - Penalty to Michael Anderson is over, Michael Anderson is back on ice.
8:28 of 2nd period - Snap shot by Sebastian Aho.
8:28 of 2nd period - Stopped by Pyotr Kochetkov without a rebound.
8:29 of 2nd period - Ryan Donato wins face-off versus Sebastian Aho in Boston Bruins zone.
8:54 of 2nd period - Otto Koivula is hit by Rafael Harvey-Pinard and loses puck.
9:09 of 2nd period - Slapshot by Yakov Trenin.
9:09 of 2nd period - Shot Blocked by Charlie McAvoy.
9:11 of 2nd period - Wrist shot by Michael Anderson.
9:11 of 2nd period - Stopped by Pyotr Kochetkov with a rebound.
9:13 of 2nd period - Wrist shot by Matthew Tkachuk.
9:13 of 2nd period - Stopped by Pyotr Kochetkov with a rebound.
9:15 of 2nd period - Slapshot by J.T. Miller.
9:15 of 2nd period - Stopped by Pyotr Kochetkov with a rebound.
9:42 of 2nd period - Ryan Donato is hit by Timo Meier.
10:08 of 2nd period - Brandon Hagel is hit by Rafael Harvey-Pinard and loses puck.
11:02 of 2nd period - Slapshot by Luke Kunin.
11:02 of 2nd period - Shot Misses the Net.
11:08 of 2nd period - Wrist shot by Matthew Tkachuk.
11:08 of 2nd period - Deflect By Joel Eriksson Ek.
11:08 of 2nd period - Stopped by Pyotr Kochetkov with a rebound.
11:10 of 2nd period - Slapshot by Jeff Petry.
11:10 of 2nd period - Deflect By Matthew Tkachuk.
11:10 of 2nd period - Stopped by Pyotr Kochetkov with a rebound.
11:12 of 2nd period - Slapshot by Drew Doughty.
11:12 of 2nd period - Stopped by Pyotr Kochetkov without a rebound.
11:13 of 2nd period - David Krejci wins face-off versus Nic Dowd in Boston Bruins zone.
12:09 of 2nd period - Snap shot by Sebastian Aho.
12:09 of 2nd period - Shot Misses the Net.
12:29 of 2nd period - Snap shot by Mathieu Joseph.
12:29 of 2nd period - Shot Blocked by Samuel Bolduc.
12:31 of 2nd period - Snap shot by Mathieu Joseph.
12:31 of 2nd period - Stopped by Pyotr Kochetkov without a rebound.
12:32 of 2nd period - Ryan Donato wins face-off versus Nic Dowd in Boston Bruins zone.
12:34 of 2nd period - Minor Penalty to Ryan Donato for Interference.
12:35 of 2nd period - J.T. Miller wins face-off versus David Krejci in Boston Bruins zone.
13:03 of 2nd period - Tyson Barrie is hit by Kris Letang and loses puck.
13:12 of 2nd period - Slapshot by David Krejci.
13:12 of 2nd period - Stopped by Samuel Montembeault with a rebound.
13:56 of 2nd period - Zach Hyman is hit by David Krejci and loses puck.
14:34 of 2nd period - Penalty to Ryan Donato is over, Ryan Donato is back on ice.
14:41 of 2nd period - Snap shot by Mathieu Joseph.
14:41 of 2nd period - Deflect By Oliver Bjorkstrand.
14:41 of 2nd period - Shot Misses the Net.
14:41 of 2nd period - Puck is out of play.
14:42 of 2nd period - David Krejci wins face-off versus Nic Dowd in Boston Bruins zone.
15:05 of 2nd period - Wrist shot by Oliver Bjorkstrand.
15:05 of 2nd period - Shot Blocked by Matt Grzelcyk.
15:23 of 2nd period - Snap shot by Oliver Bjorkstrand.
15:23 of 2nd period - Shot Misses the Net.
15:32 of 2nd period - Snap shot by Oliver Bjorkstrand.
15:32 of 2nd period - Shot Misses the Net.
15:48 of 2nd period - Snap shot by Mathieu Joseph.
15:48 of 2nd period - Stopped by Pyotr Kochetkov with a rebound.
15:50 of 2nd period - Slapshot by Mathieu Joseph.
15:50 of 2nd period - Stopped by Pyotr Kochetkov without a rebound.
15:51 of 2nd period - J.T. Miller wins face-off versus Pavel Zacha in Boston Bruins zone.
15:52 of 2nd period - Snap shot by Matthew Tkachuk.
15:52 of 2nd period - Shot Misses the Net.
16:18 of 2nd period - Charlie McAvoy is hit by Jeff Petry and loses puck.
16:27 of 2nd period - Snap shot by Tyson Barrie.
16:27 of 2nd period - Stopped by Samuel Montembeault without a rebound.
16:28 of 2nd period - Pavel Zacha wins face-off versus Timo Meier in Calgary Flames zone.
16:31 of 2nd period - Snap shot by Pavel Zacha.
16:31 of 2nd period - Deflect By Zach Hyman.
16:31 of 2nd period - Shot Blocked by Kris Letang.
16:31 of 2nd period - Puck is out of play.
16:32 of 2nd period - Sebastian Aho wins face-off versus Pavel Zacha in Calgary Flames zone.
16:32 of 2nd period - Sebastian Aho is hit by Brandon Hagel.
17:48 of 2nd period - Slapshot by Brandon Hagel.
17:48 of 2nd period - Shot Blocked by Jeff Petry.
17:50 of 2nd period - Backhand shot by Otto Koivula.
17:50 of 2nd period - Shot Blocked by Drew Doughty.
17:52 of 2nd period - Backhand shot by Samuel Girard.
17:52 of 2nd period - Shot Blocked by Yakov Trenin.
19:08 of 2nd period - Wrist shot by Cole Sillinger.
19:08 of 2nd period - Shot Misses the Net.
19:32 of 2nd period - Slapshot by Charlie McAvoy.
19:32 of 2nd period - Stopped by Samuel Montembeault with a rebound.
19:46 of 2nd period - Wrist shot by Pavel Zacha.
19:46 of 2nd period - Deflect By Brandon Hagel.
19:46 of 2nd period - Stopped by Samuel Montembeault with a rebound.
19:48 of 2nd period - Slapshot by Samuel Bolduc.
19:48 of 2nd period - Shot Blocked by J.T. Miller.
19:50 of 2nd period - Wrist shot by Matt Grzelcyk.
19:50 of 2nd period - Shot Misses the Net.
19:52 of 2nd period - Snap shot by Pavel Zacha.
19:52 of 2nd period - Stopped by Samuel Montembeault with a rebound.
Goals for this period are 1 for Calgary Flames vs 0 for Boston Bruins.
Shots for this period are 14 for Calgary Flames vs 5 for Boston Bruins.
3rd period
0:01 of 3rd period - Pavel Zacha wins face-off versus J.T. Miller in neutral zone.
0:47 of 3rd period - Oliver Bjorkstrand is hit by Samuel Girard and loses puck.
1:08 of 3rd period - Slapshot by Drew Doughty.
1:08 of 3rd period - Stopped by Pyotr Kochetkov with a rebound.
1:14 of 3rd period - Snap shot by Morgan Geekie.
1:14 of 3rd period - Stopped by Samuel Montembeault with a rebound.
1:16 of 3rd period - Slapshot by Joe Veleno.
1:16 of 3rd period - Shot Blocked by Jeff Petry.
1:18 of 3rd period - Snap shot by Joe Veleno.
1:18 of 3rd period - Shot Blocked by Drew Doughty.
1:20 of 3rd period - Slapshot by Cam York.
1:20 of 3rd period - Shot Misses the Net.
1:46 of 3rd period - Wrist shot by Joe Veleno.
1:46 of 3rd period - Stopped by Samuel Montembeault with a rebound.
1:48 of 3rd period - Wrist shot by Samuel Girard.
1:48 of 3rd period - Stopped by Samuel Montembeault with a rebound.
1:50 of 3rd period - Slapshot by Ryan Donato.
1:50 of 3rd period - Shot Misses the Net.
1:52 of 3rd period - Slapshot by Samuel Girard.
1:52 of 3rd period - Shot Misses the Net.
1:54 of 3rd period - Backhand shot by Samuel Girard.
1:54 of 3rd period - Stopped by Samuel Montembeault without a rebound.
1:55 of 3rd period - J.T. Miller wins face-off versus Pavel Zacha in Calgary Flames zone.
2:03 of 3rd period - Wrist shot by Pavel Zacha.
2:03 of 3rd period - Stopped by Samuel Montembeault with a rebound.
2:05 of 3rd period - Snap shot by Brandon Hagel.
2:05 of 3rd period - Stopped by Samuel Montembeault without a rebound.
2:06 of 3rd period - Pavel Zacha wins face-off versus J.T. Miller in Calgary Flames zone.
2:07 of 3rd period - Snap shot by Brandon Hagel.
2:07 of 3rd period - Stopped by Samuel Montembeault without a rebound.
2:08 of 3rd period - J.T. Miller wins face-off versus Pavel Zacha in Calgary Flames zone.
2:12 of 3rd period - Icing by J.T. Miller.
2:13 of 3rd period - Pavel Zacha wins face-off versus J.T. Miller in Calgary Flames zone.
2:14 of 3rd period - Snap shot by Anthony Beauvillier.
2:14 of 3rd period - Deflect By Pavel Zacha.
2:14 of 3rd period - Shot Blocked by Ryan McDonagh.
2:14 of 3rd period - Puck is out of play.
2:15 of 3rd period - Pavel Zacha wins face-off versus Joel Eriksson Ek in Calgary Flames zone.
2:20 of 3rd period - Snap shot by Brandon Hagel.
2:20 of 3rd period - Stopped by Samuel Montembeault with a rebound.
2:32 of 3rd period - Snap shot by Matthew Tkachuk.
2:32 of 3rd period - Shot Misses the Net.
2:34 of 3rd period - Slapshot by Matthew Tkachuk.
2:34 of 3rd period - Stopped by Pyotr Kochetkov with a rebound.
2:50 of 3rd period - Anthony Beauvillier is hit by Kris Letang and loses puck.
3:01 of 3rd period - Wrist shot by Pavel Zacha.
3:01 of 3rd period - Deflect By Anthony Beauvillier.
3:01 of 3rd period - Shot Misses the Net.
3:01 of 3rd period - Puck is out of play.
3:02 of 3rd period - Nic Dowd wins face-off versus David Krejci in Calgary Flames zone.
3:11 of 3rd period - Wrist shot by Oliver Bjorkstrand.
3:11 of 3rd period - Stopped by Pyotr Kochetkov with a rebound.
3:13 of 3rd period - Snap shot by Oliver Bjorkstrand.
3:13 of 3rd period - Shot Misses the Net.
3:15 of 3rd period - Wrist shot by Mathieu Joseph.
3:15 of 3rd period - Shot Blocked by Samuel Bolduc.
3:29 of 3rd period - Michael Anderson is hit by Joe Veleno and loses puck.
3:38 of 3rd period - Snap shot by Ryan Donato.
3:38 of 3rd period - Shot Blocked by Zach Hyman.
4:52 of 3rd period - Kris Letang is hit by Luke Kunin and loses puck.
5:55 of 3rd period - Wrist shot by Mathieu Joseph.
5:55 of 3rd period - Stopped by Pyotr Kochetkov with a rebound.
6:17 of 3rd period - Icing by Samuel Girard.
6:18 of 3rd period - David Krejci wins face-off versus J.T. Miller in Boston Bruins zone.
6:35 of 3rd period - Snap shot by Sebastian Aho.
6:35 of 3rd period - Stopped by Pyotr Kochetkov with a rebound.
6:41 of 3rd period - Kris Letang is hit by Joe Veleno and loses puck.
7:28 of 3rd period - Snap shot by J.T. Miller.
7:28 of 3rd period - Shot Misses the Net.
7:36 of 3rd period - Snap shot by Matthew Tkachuk.
7:36 of 3rd period - Shot Misses the Net.
7:48 of 3rd period - David Krejci is hit by Michael Anderson and loses puck.
7:53 of 3rd period - Snap shot by Rafael Harvey-Pinard.
7:53 of 3rd period - Stopped by Pyotr Kochetkov without a rebound.
7:54 of 3rd period - Cole Sillinger wins face-off versus Pavel Zacha in Boston Bruins zone.
8:07 of 3rd period - Wrist shot by Anthony Beauvillier.
8:07 of 3rd period - Shot Blocked by Cole Sillinger.
8:30 of 3rd period - Slapshot by Tyson Barrie.
8:30 of 3rd period - Shot Misses the Net.
8:32 of 3rd period - Slapshot by Charlie McAvoy.
8:32 of 3rd period - Stopped by Samuel Montembeault with a rebound.
8:46 of 3rd period - Wrist shot by David Krejci.
8:46 of 3rd period - Stopped by Samuel Montembeault without a rebound.
8:47 of 3rd period - J.T. Miller wins face-off versus David Krejci in Calgary Flames zone.
9:23 of 3rd period - Wrist shot by Mathieu Joseph.
9:23 of 3rd period - Shot Misses the Net.
9:34 of 3rd period - Off-side.
9:35 of 3rd period - Sebastian Aho wins face-off versus Ryan Donato in neutral zone.
10:32 of 3rd period - Wrist shot by John-Jason Peterka.
10:32 of 3rd period - Shot Blocked by Nic Dowd.
10:42 of 3rd period - Matt Grzelcyk is hit by Michael Anderson.
11:32 of 3rd period - Snap shot by Joe Veleno.
11:32 of 3rd period - Shot Misses the Net.
11:44 of 3rd period - Slapshot by Morgan Geekie.
11:44 of 3rd period - Shot Misses the Net.
11:46 of 3rd period - Snap shot by Cam York.
11:46 of 3rd period - Stopped by Samuel Montembeault with a rebound.
11:48 of 3rd period - Snap shot by Ryan Donato.
11:48 of 3rd period - Deflect By Joe Veleno.
11:48 of 3rd period - Shot Misses the Net.
11:48 of 3rd period - Puck is out of play.
11:49 of 3rd period - Matthew Tkachuk wins face-off versus Pavel Zacha in Calgary Flames zone.
12:04 of 3rd period - Charlie McAvoy is hit by Joel Eriksson Ek and loses puck.
12:31 of 3rd period - Sebastian Aho is hit by Charlie McAvoy and loses puck.
12:49 of 3rd period - Minor Penalty to Luke Kunin for Holding.
12:50 of 3rd period - Sebastian Aho wins face-off versus David Krejci in Boston Bruins zone.
14:02 of 3rd period - Matthew Tkachuk is hit by Tyson Barrie and loses puck.
14:24 of 3rd period - Tyson Barrie is hit by Sebastian Aho.
14:49 of 3rd period - Penalty to Luke Kunin is over, Luke Kunin is back on ice.
15:17 of 3rd period - Nic Dowd is hit by David Krejci and loses puck.
15:30 of 3rd period - Michael Anderson is hit by Joel Farabee and loses puck.
15:43 of 3rd period - Rasmus Andersson is hit by John-Jason Peterka and loses puck.
15:54 of 3rd period - Sebastian Aho is hit by Brandon Hagel and loses puck.
17:14 of 3rd period - Snap shot by J.T. Miller.
17:14 of 3rd period - Shot Misses the Net.
17:16 of 3rd period - Snap shot by Matthew Tkachuk.
17:16 of 3rd period - Stopped by Pyotr Kochetkov without a rebound.
17:17 of 3rd period - Nic Dowd wins face-off versus David Krejci in Boston Bruins zone.
17:41 of 3rd period - Jeff Petry is hit by Brandon Hagel and loses puck.
19:09 of 3rd period - Icing by Samuel Girard.
19:10 of 3rd period - Pavel Zacha wins face-off versus J.T. Miller in Boston Bruins zone.
19:10 of 3rd period - Pavel Zacha is hit by J.T. Miller.
19:55 of 3rd period - Icing by Nic Dowd.
19:56 of 3rd period - Joe Veleno wins face-off versus Nic Dowd in Calgary Flames zone.
19:57 of 3rd period - Wrist shot by Joel Farabee.
19:57 of 3rd period - Stopped by Samuel Montembeault without a rebound.
19:58 of 3rd period - Nic Dowd wins face-off versus Ryan Donato in Calgary Flames zone.
Goals for this period are 0 for Calgary Flames vs 0 for Boston Bruins.
Shots for this period are 7 for Calgary Flames vs 12 for Boston Bruins.
Back to the Top